 Dungeon Crawl Stone Soup version 0.30.1-4-g462c640d31 (webtiles) character file.

Game seed: 16115091222330027337

8 IHitMyHead the Poker (level 2, -3/29 HPs)
             Began as an Ogre Gladiator on Sept 6, 2023.
             Slain by Terence
             ... wielding a +0 falchion
              (6 damage)
             ... on level 2 of the Dungeon.
             The game lasted 00:04:23 (219 turns).

IHitMyHead the Poker (Ogre Gladiator)                Turns: 219, Time: 00:04:23

Health: -3/29      AC:  3    Str: 17    XL:     2   Next: 8%
Magic:  2/2        EV: 10    Int:  9    God:
Gold:   9          SH:  0    Dex: 10    Spells: 1/1 levels left

rFire   . . .        a - +0 trident
rCold   . . .        (no shield)
rNeg    . . .        b - +0 robe
rPois   .            c - +0 hat
rElec   .            (no cloak)
rCorr   .            (gloves unavailable)
SInv    .            (boots unavailable)
Will    .....        (no amulet)
Stlth   +            (no ring)
HPRegen 0.24/turn    (no ring)
MPRegen 0.08/turn

%: no passive effects
@: no status effects
A: large, unfitting armour, tough skin 1
a: no special abilities


You were on level 2 of the Dungeon.
You visited 1 branch of the dungeon, and saw 2 of its levels.

You collected 9 gold pieces.

Inventory:

Hand Weapons
 a - a +0 trident (weapon)
 g - a +0 dagger
 i - a +0 whip
Missiles
 d - 3 throwing nets (quivered)
 e - a large rock
Armour
 b - a +0 robe (worn)
 c - a +0 hat (worn)
 f - a +0 ring mail
Scrolls
 h - a scroll of vulnerability {unknown}
Potions
 j - a potion of mutation {unknown}


   Skills:
 + Level 2.7 Fighting
 + Level 3.2 Polearms
 + Level 2.0 Throwing
 + Level 2.9 Dodging


You had one spell level left.
You didn't know any spells.
Your spell library was empty.

Dungeon Overview and Level Annotations

Branches:
Dungeon (2/15)

Altars:

Annotations:
D:2 Terence


Innate Abilities, Weirdness & Mutations

You are too large for most types of armour.
You have tough skin. (AC +1)


Message History

You have reached level 2!
The kobold closely misses you.
You hit the kobold.
You kill the kobold!
You see here a +0 whip.
i - a +0 whip
j - a murky white potion
There are no items here.
Okay, then.
Welcome back, IHitMyHead the Ogre Gladiator.
Press ? for a list of commands and other information.
There is a stone staircase leading down here.
You climb downwards.
There is a stone staircase leading up here.
Found 11 gold pieces.
A worm comes into view.
Terence shouts!
You hear a shout! x2
An orc comes into view. It is wielding a +0 dagger.
An orc wizard comes into view. It is wielding a +0 dagger.
An orc priest comes into view. It is wielding a +0 whip.
An orc comes into view. It is wielding a +0 club.
The orc priest shouts!
The orc shouts!
You hit Terence.
Terence is lightly wounded.
Terence hits you with a +0 falchion!
An orc comes into view.
It is wielding a +0 short sword of draining.
The orc shouts!
You puncture Terence!
Terence is heavily wounded.
You hear an angry hiss.
Terence hits you with a +0 falchion!
You hit Terence but do no damage.
Terence is heavily wounded.
Terence hits you with a +0 falchion!
* * * LOW HITPOINT WARNING * * *
Terence hits you with a +0 falchion.
* * * LOW HITPOINT WARNING * * *
There is a stone staircase leading up here.
Terence hits you with a +0 falchion.
You die...

#.$.##..#..# #.
#..........#
#.###..ooo......
#.......##......
#.....#w##o....#
#......o........
......#o#.......
.......@.......#
#....##@#.......
##### ####.....
..... #... #..
..


You could see Terence, a worm, an orc priest, an orc wizard and 3 orcs.

Vanquished Creatures
  A dart slug (D:1)
  An endoplasm (D:1)
  2 giant cockroaches (D:1)
  A kobold (D:1)
  A rat (D:1)
6 creatures vanquished.

Notes
Turn   | Place    | Note
-------+----------+-------------------------------------------
     0 | D:1      | IHitMyHead the Ogre Gladiator began the quest for the Orb.
     0 | D:1      | Reached XP level 1. HP: 22/22 MP: 1/1
   160 | D:1      | Reached XP level 2. HP: 24/29 MP: 2/2
   201 | D:2      | Noticed Terence
   213 | D:2      | HP: 1/29 [Terence/+0 falchion (5)]
   219 | D:2      | Slain by Terence

Illustrated notes

Levels and vault maps discovered:
D:1:      pf_arrival_petrified_forest, layout_loops_cross, serial_shops, shop
D:2:      layout_basic, serial_shops, shop, basic_altar,
          nicolae_concentric_dashed_squares_wild, grunt_ministairs_14,
          uniq_terence

Action                     || total
---------------------------++-------
  Melee: Trident           ||    32
 Armour: Robe              ||     4
  Dodge: Dodged            ||    20
